 Dungeon Crawl Stone Soup version 0.29-a0-221-gceb61267dd (webtiles) character file.

Game seed: 4122686209050354708

18 igorguim the Digger (level 2, 14/15 HPs)
             Began as a Gargoyle Earth Elementalist on Feb 27, 2022.
             Was a Follower of Dithmenos.
             Quit the game on level 1 of the Dungeon.
             The game lasted 00:02:41 (501 turns).

igorguim the Digger (Gargoyle Earth Elementalist)    Turns: 501, Time: 00:02:41

Health: 14/15      AC:  4    Str: 11    XL:     2   Next: 66%
Magic:  5/5        EV: 11    Int: 15    God:    Dithmenos [*.....]
Gold:   27         SH:  0    Dex: 10    Spells: 4/5 levels left

rFire   . . .      SeeInvis .   c - +0 club (protect)
rCold   . . .      Faith    .   (no shield)
rNeg    + . .      Spirit   .   b - +0 robe
rPois   ∞          Reflect  .   (no helmet)
rElec   +          Harm     .   (no cloak)
rCorr   .          Rampage  .   (no gloves)
Will    .....                   (no boots)
Stlth   ++........              (no amulet)
HPRegen 0.05/turn               (no ring)
MPRegen 0.09/turn               (no ring)

@: wreathed by umbra
A: sickness immunity, AC +2, negative energy resistance 1, electricity
resistance, torment resistance 1, petrification resistance
a: Renounce Religion


You were on level 1 of the Dungeon.
You worshipped Dithmenos.
Dithmenos was aware of your devotion.
You visited 1 branch of the dungeon, and saw 1 of its levels.

You collected 27 gold pieces.

Inventory:

Hand Weapons
 c - a +0 club of protection (weapon)
Missiles
 a - 22 stones
Armour
 b - a +0 robe (worn)
Potions
 d - a potion of curing {unknown}


   Skills:
 - Level 1.5 Dodging
 - Level 2.1 Stealth
 - Level 2.0 Spellcasting
 - Level 0.7 Transmutations
 + Level 4.7 Earth Magic


You had 4 spell levels left.
You knew the following spells:

 Your Spells              Type           Power      Damage    Failure   Level
a - Sandblast             Erth           30%        2d9       3%          1

Your spell library contained the following spells:

 Spells                   Type           Power      Damage    Failure   Level
 Passwall                 Tmut/Erth      7%         N/A       11%         2
 Shock                    Conj/Air       4%         1d3       22%         1
 Stone Arrow              Conj/Erth      16%        3d8       26%         3
 Swiftness                Air            1%         N/A       54%         3
 Petrify                  Tmut/Erth      9%         N/A       58%         4
 Airstrike                Air            0%         N/A       91%         4


Dungeon Overview and Level Annotations

Branches:
Dungeon (1/15)

Altars:
Dithmenos


Innate Abilities, Weirdness & Mutations

You are immune to sickness and miasma.
Your stone body is resilient. (AC +2)
You are immune to poison.
You resist negative energy. (rN+)
You are resistant to electric shocks. (rElec)
You are resistant to unholy torment.
You are immune to petrification.


Message History

A giant cockroach comes into view.
You completely miss the giant cockroach.
The giant cockroach bites you but does no damage.
The giant cockroach misses you.
You closely miss the giant cockroach. You punch the giant cockroach.
The giant cockroach is moderately wounded.
The giant cockroach bites you. The giant cockroach barely misses you.
You barely miss the giant cockroach.
The giant cockroach is moderately wounded.
The giant cockroach bites you but does no damage.
You hit the giant cockroach.
Your weapon exudes an aura of protection.
You kill the giant cockroach!
You see here a giant cockroach corpse.
Found 5 gold pieces.
Found 7 gold pieces.
Found a faded altar of an unknown god.
The ball python hisses angrily.
The ball python bites you but does no damage.
The ball python barely misses you. The ball python barely misses you.
The ball python closely misses you.
The ball python bites you but does no damage.
The ball python barely misses you.
You barely miss the ball python. The ball python barely misses you.
The ball python grabs you. The ball python constricts you.
You hit the ball python.
Your weapon exudes an aura of protection.
You kill the ball python!
You enter the shallow water.
Moving in this stuff is going to be slow.
You enter the shallow water.
Moving in this stuff is going to be slow.
There is a faded altar of an unknown god here.
You cannot tell which god this altar belongs to.
Convert to them anyway?
Dithmenos accepts your prayer! Dithmenos welcomes you!
You are shrouded in an aura of darkness!
Are you sure you want to abandon this character and quit the game? (Confirm with "yes".)
Okay, then.
Are you sure you want to abandon this character and quit the game? (Confirm with "yes".)

## ##############.#
#...†..........#
#.PPP.P..PP....##
#.##....P≈.P.#..##
#...####.....#...#
##.P.P..###....#.#####
#≈..≈...@###..#.....#
#.P≈⌠P.###..#........
#P...⌠P..#.....######
#...$⌠...#....##
#.$P...###....#
#....P........###
#.....P.........#
#############†#.# ##
#.#... #.


There were no monsters in sight!

Vanquished Creatures
  2 ball pythons (D:1)
  A bat (D:1)
  An endoplasm (D:1)
  2 giant cockroaches (D:1)
  A goblin (D:1)
  A hobgoblin (D:1)
  3 jackals (D:1)
  A kobold (D:1)
  A frilled lizard (D:1)
  2 rats (D:1)
15 creatures vanquished.

Notes
Turn   | Place    | Note
-------+----------+-------------------------------------------
     0 | D:1      | igorguim the Gargoyle Earth Elementalist began the quest
                  | for the Orb.
     0 | D:1      | Reached XP level 1. HP: 10/10 MP: 3/3
    87 | D:1      | Reached skill level 4 in Earth Magic
   105 | D:1      | Reached XP level 2. HP: 9/15 MP: 5/5
   484 | D:1      | Found a faded altar of an unknown god.
   500 | D:1      | Prayed at the altar of an unknown god.
   500 | D:1      | Became a worshipper of Dithmenos the Shadowed
   500 | D:1      | Reached * piety under Dithmenos
   501 | D:1      | Quit the game

Illustrated notes

Levels and vault maps discovered:
D:1:      lightli_arrival_lavapool, layout_rooms,
          shapermc_ecumenical_altar_mp_ritualfount,
          chequers_serial_rivers_small_3, minmay_ruptured

Skill      XL: |  1 |
---------------+----+-----
Earth Magic    | 4 |  4.7
Dodging        | |  1.5
Stealth        | |  2.1
Spellcasting   | |  2.0
Transmutations | |  0.7

Action                   || total
-------------------------++-------
Melee: Club              ||    47
       Punch             ||     1
 Cast: Sandblast         ||     8
  Use: Scroll            ||     1
Armor: Robe              ||    36
Dodge: Dodged            ||    55

Table legend: (Time is in decaauts)
 A = Elapsed time spent in this place.
 B = Non-inter-level travel time spent in this place.
 C = Inter-level travel time spent in this place.
 D = Time resting spent in this place.
 E = Time spent auto-exploring this place.
 F = Levels seen in this place.
 G = Mean time per level.
                   A        B        C        D        E       F      G
               +--------+--------+--------+--------+--------+-----+--------+
         Total |    515 |    515 |      0 |      0 |    370 |   1 |  515.0 |
       Dungeon |    515 |    515 |      0 |      0 |    370 |   1 |  515.0 |
               +--------+--------+--------+--------+--------+-----+--------+

Top non-repeatable levels by time:
     D:1: 515 daAuts
